 Dungeon Crawl Stone Soup version 0.13.0-19-g8e0b589 (webtiles) character file.

62 MackTheKnife the Vexing (level 2, -10/21 HPs)
             Began as a Vampire Arcane Marksman on Oct 24, 2013.
             Mangled by a kobold
             ... wielding a +1,+0 whip of electrocution
              (19 damage)
             ... on Level 1 of the Dungeon.
             The game lasted 00:01:50 (593 turns).

MackTheKnife the Vexing (Vampire Arcane Marksman)    Turns: 593, Time: 00:01:50

HP -10/21        AC  3     Str 10      XL: 2   Next:  6%
MP   4/4         EV 11     Int 15      God:
Gold 53          SH  0     Dex 13      Spells:  1 memorised,  4 levels left

Res.Fire  : . . .   See Invis. : +   a - +0 crossbow
Res.Cold  : . . .   Warding    : .   k - +0 leather armour
Life Prot.: + . .   Conserve   : .   (no shield)
Res.Poison: .       Res.Corr.  : .   (no helmet)
Res.Elec. : .       Clarity    : .   (no cloak)
Sust.Abil.: . .     Spirit.Shd : .   (no gloves)
Res.Mut.  : .       Stasis     : .   (no boots)
Res.Rott. : .       Flight     : .   (no amulet)
Saprovore : . . .                    (no ring)
                                     (no ring)

@: not resistant to hostile enchantments, very unstealthy
A: fangs 3, see invisible, unbreathing
a: no special abilities


You were on level 1 of the Dungeon.
You were not thirsty.

You visited 1 branch of the dungeon, and saw 1 of its levels.

You collected 3 gold pieces.

Inventory:

Hand weapons
 a - a +0,+0 crossbow (weapon)
 h - a +3,+0 hand axe
Missiles
 c - 16 bolts (quivered)
Armour
 k - a +0 leather armour (worn)
Scrolls
 g - a scroll of enchant armour {unknown}
 j - a scroll of recharging {unknown}
Potions
 e - a potion of blood
 f - 2 potions of restore abilities {unknown}
 i - a potion of heal wounds {unknown}
Books
 d - a book of Debilitation

   Spells                             Type                      Level
   *Corona                            Hexes                        1
   Slow                               Hexes                        2
   Inner Flame                        Hexes/Fire                   3
   Enslavement                        Hexes                        4
   Cause Fear                         Hexes                        4
   Leda's Liquefaction                Hexes/Earth                  4


   Skills:
 - Level 0.8 Fighting
 + Level 1.8 Crossbows
 - Level 2.1 Dodging
 + Level 2.1 Spellcasting
 + Level 4.8 Hexes


You had 4 spell levels left.
You knew the following spells:

 Your Spells              Type           Power        Failure   Level  Hunger
a - Corona                Hex            ###....      3%          1    #......


Dungeon Overview and Level Annotations

Branches:
Dungeon (1/27)

Altars:


Innate Abilities, Weirdness & Mutations

You have razor-sharp teeth.
You have supernaturally acute eyesight.
You can survive without breathing.


Message History

Aim: a giant newt You shoot a bolt.
The bolt hits the giant newt.
You kill the giant newt!
Firing (i - inventory. (,) - cycle):
c - 19 bolts (quivered)
Press: ? - help, Shift-Dir - straight line, f - kobold
Aim: a kobold, wielding a runed whip You shoot a bolt.
The bolt misses the kobold.
The kobold barely misses you. The kobold barely misses you.
Firing (i - inventory. (,) - cycle):
c - 18 bolts (quivered)
Press: ? - help, Shift-Dir - straight line, f/p - kobold
Aim: a kobold, wielding a runed whip You shoot a bolt.
The bolt hits the kobold.
The kobold hits you but does no damage.
Firing (i - inventory. (,) - cycle):
c - 17 bolts (quivered)
Press: ? - help, Shift-Dir - straight line, f/p - kobold
Aim: a kobold, wielding a runed whip You shoot a bolt.
The bolt misses the kobold.
The kobold hits you but does no damage.
You are electrocuted!
Ouch! That really hurt!
You die...

...............)........
####...#......#####.......
..........................
...................#......
........#..........# !..
....).....K.........# .
#####...#[b...#'####
######...#######.#
...(......K@..##.##
######...###).#...#
######.#.###..#...#
.............##...##
#######.#.#####..P..####
.........###...........###
#.#######..+.....P.<.P.....+
#. #.####...........### #.#
#.#.#####..P..####


You could see a kobold.

Vanquished Creatures
  A bat (D:1)
  2 hobgoblins (D:1)
  A kobold (D:1)
  A giant newt (D:1)
  3 goblins (D:1)
  A rat (D:1)
9 creatures vanquished.

Notes
Turn   | Place    | Note
--------------------------------------------------------------
     0 | D:1      | MackTheKnife, the Vampire Arcane Marksman, began the quest for the Orb.
     0 | D:1      | Reached XP level 1. HP: 15/15 MP: 2/2
   572 | D:1      | Reached XP level 2. HP: 12/21 MP: 4/4
   593 | D:1      | Mangled by a kobold

Action                   || total
-------------------------++-------
Melee: Hand axe          ||    25
       Unarmed           ||    19
 Fire: Crossbow          ||     5
